Pixie, neutral female sylph Wizard ---- ---------..--- |.`.`....`...--- |.......|`..`..| ---------|....`.| |.^^^^^^<|...`..| |(^--------.----- --^......|.`...| |..|..f.f..``.| ---|...@|.....| ------------ Pixie the Thaumaturge Experience level: 7 Strength: 13 Dexterity: 15 Constitution: 12 Intelligence: 15 Wisdom: 17 Charisma: 7 Health: 0(42) Energy: 120(120) Def: 1 Gold: 0 Moves: 4680 Dungeon seed: _f_c2c5rKf469jQI Game ID: Pixie_1443620116 Your Inventory: Weapons a - a blessed +1 quarterstaff (weapon in hands) l - a blessed +1 dagger m - 15 uncursed +0 daggers (in quiver) Armor e - an uncursed +0 cloak of magic resistance (being worn) n - a blessed +1 cornuthaum Comestibles i - an uncursed candy bar o - an uncursed food ration Wands f - an uncursed wand of light (0:13) K - an uncursed wand of striking (0:3) V - an uncursed wand of digging (0:7) Tools g - a blessed magic lamp (lit) k - an uncursed skeleton key B - an uncursed bag of holding T - an uncursed oil lamp (0:1315) X - an uncursed sack Contents of the bag of holding: 1221 gold pieces an uncursed +1 dagger 8 cursed +0 silver arrows an uncursed +0 dwarvish cloak an uncursed +0 dwarvish mithril-coat a cursed -1 pair of gauntlets of dexterity an uncursed +0 pair of gauntlets of power an uncursed cream pie an uncursed eucalyptus leaf 4 uncursed food rations an uncursed lembas wafer an uncursed tripe ration an uncursed scroll of blank paper an uncursed scroll of confuse monster an uncursed scroll of earth a cursed scroll of earth an uncursed scroll of enchant armor a cursed scroll of enchant weapon an uncursed scroll of fire an uncursed scroll of gold detection an uncursed scroll of scare monster an uncursed scroll of scare monster an uncursed scroll of water an uncursed spellbook of clairvoyance an uncursed spellbook of invisibility an uncursed spellbook of light an uncursed spellbook of turn undead an uncursed potion of blindness an uncursed potion of fruit juice an uncursed potion of healing an uncursed potion of invisibility a blessed potion of polymorph an uncursed potion of sickness an uncursed +0 ring of protection an uncursed wand of enlightenment (0:11) an uncursed lock pick 7 uncursed tallow candles (0:200) an uncursed amber stone 2 uncursed worthless pieces of green glass an uncursed worthless piece of orange glass an uncursed worthless piece of violet glass an uncursed worthless piece of yellow glass Spells and supernatural/magical abilities: Name Level Category Fail Memory a - force bolt 1 attack 0% 77% s - slow monster 2 enchantment 0% 77% W - pray for help -- divine ? -- Your skills at the end: Miscellaneous Skills wands [Basic] Weapon Skills quarterstaff [Basic] Spellcasting Skills attack spells [Basic] enchantment spells [Basic] Final Attributes: You were devoutly aligned. You were poison resistant. You were magic-protected. You saw invisible. You had infravision. You were stealthy. You were protected from shape changers. You are dead. Vanquished creatures: a small mimic 2 leprechauns an orc mummy a dog 2 dwarf lords a gnome mummy a human zombie 2 bugbears 4 Uruk-hai a rock mole a yellow light a shrieker a violet fungus 5 gnome lords 2 gnomish wizards a black naga hatchling a gray ooze a paper golem 4 giant ants a kitten 7 dwarves a kobold lord an iguana 6 hill orcs 4 rothes a centipede a giant bat 2 orc zombies a dwarf zombie a wererat a werejackal a hobbit an acid blob 2 large kobolds a gecko a hobgoblin a giant rat a yellow mold a green mold 19 gnomes a gnome zombie 2 jackals 2 foxes a kobold 7 newts a sewer rat 7 grid bugs 6 lichens 115 creatures vanquished. Voluntary challenges: You followed a strict vegan diet. You did not adorn yourself with jewelry or accessories. You used a wielded weapon 169 times, starting on turn 3. You did not apply a unicorn horn. You were illiterate. You never genocided any monsters. You never polymorphed an object. You never changed form. You used no wishes. You never split a pudding. You never wrote Elbereth's name. You never violated your personal moral code. Dungeon overview: The Dungeons of Doom: levels 1 to 9 Level 1 some fountains a long staircase Level 2 some fountains stairs to The Gnomish Mines Level 3 a fountain Level 4 Level 5 Level 6 Level 7 many fountains Level 8 stairs to Sokoban Level 9 The Gnomish Mines: levels 3 to 7 Level 3 stairs to The Dungeons of Doom Level 4 Level 5 Level 6 many shops, a temple to Anhur, a magic chest, some fountains Level 7 Sokoban: Level 7 <- You were here a magic chest stairs to The Dungeons of Doom History has recorded: On T:1 you entered the Dungeons of Doom to retrieve the Amulet of Yendor! On T:107 you reached level 2 of The Dungeons of Doom. On T:428 you advanced to experience level 2. On T:459 you reached level 1 of The Gnomish Mines. On T:469 you reached level 2 of The Gnomish Mines. On T:490 you advanced to experience level 3. On T:577 you advanced to experience level 4. On T:588 you reached level 3 of The Gnomish Mines. On T:968 you advanced to experience level 5. On T:1572 you reached level 4 of The Gnomish Mines. On T:1658 you entered the Minetown temple On T:1659 you advanced to experience level 6. On T:1730 you opened a magic chest. On T:1730 you opened a magic chest. On T:1731 you opened a magic chest. On T:2102 you reached level 5 of The Gnomish Mines. On T:3021 you reached level 3 of The Dungeons of Doom. On T:3409 you reached level 4 of The Dungeons of Doom. On T:3558 you reached level 5 of The Dungeons of Doom. On T:3639 you advanced to experience level 7. On T:4056 you reached level 6 of The Dungeons of Doom. On T:4284 you reached level 7 of The Dungeons of Doom. On T:4471 you reached level 8 of The Dungeons of Doom. On T:4515 you reached level 9 of The Dungeons of Doom. On T:4656 you reached level 4 of Sokoban. Score breakdown: Gold: 1221 ( 122 points) Experience: 7 levels ( 600 points) Exploration: 9 levels ( 240 points) Discoveries: 14 items ( 700 points) Variety of kills: 48 monsters ( 2000 points) Major goal: (nothing yet) ( 0 points) Survival: died (score multiplied by 3) Total score: 10986 Latest messages: But none comes. The wererat misses Gizmo. The wererat changes into a rat. The wererat hits! The wererat changes into a human. You can move again. You put 3 uncursed white gems into the magic chest. You put an uncursed black gem into the magic chest. You put an uncursed orange gem into the magic chest. You put 2 uncursed yellowish brown gems into the magic chest. You put 2 uncursed green gems into the magic chest. You have a little trouble lifting o - a food ration. Your movements are slowed slightly because of your load. The lynx hits! (2x) The lynx bites! The lynx hits! (2x) The lynx bites! The lynx hits! (2x) The lynx bites! You die... The sack is empty. The sack is empty. Final status: Goodbye Pixie the Wizard, killed by a lynx... You died in Sokoban on dungeon level 7 with 10986 points, and 1221 pieces of gold, after 4680 moves. You were level 7 with a maximum of 42 hit points when you died.